 Dungeon Crawl Stone Soup version 0.31.0-12-g77e489cdc1 (webtiles) character file.

Game seed: 5891169174902605682

926 jimonade the Cleaver (level 8, -2/67 HPs)
             Began as a Hill Orc Monk on Feb 28, 2024.
             Was a High Priest of Cheibriados.
             Slain by a sky beast (5 damage)
             ... on level 6 of the Dungeon on Feb 29, 2024.
             The game lasted 00:11:41 (5234 turns).

jimonade the Cleaver (Hill Orc Monk)                Turns: 5234, Time: 00:11:42

Health: -2/67      AC:  7    Str: 27    XL:     8   Next: 10%
Magic:  5/8        EV: 13    Int: 21    God:    Cheibriados [*****.]
Gold:   316        SH:  0    Dex: 24    Spells: 7/7 levels left

rFire   . . .        a - +1 whip (elec)
rCold   . . .        (no shield)
rNeg    . . .        e - +3 leather armour
rPois   .            (no helmet)
rElec   .            q - +0 cloak
rCorr   .            (no gloves)
SInv    .            (no boots)
Will    .....        p - amulet of the acrobat
Stlth   ++           I - ring of flight
HPRegen 0.31/turn    (no ring)
MPRegen 0.11/turn

%: acrobat
@: flying, mesmerised, very slow
A: no striking features
a: Renounce Religion, Bend Time, Temporal Distortion, Slouch, Step From Time


You were on level 6 of the Dungeon.
You worshipped Cheibriados.
Cheibriados was extremely pleased with you.
You visited 1 branch of the dungeon, and saw 6 of its levels.

You collected 316 gold pieces.

Inventory:

Hand Weapons
 a - a +1 whip of electrocution (weapon)
 b - a +0 orcbow
 u - a +2 antimagic short sword
 A - a +0 hand axe
 B - a +0 vampiric dagger
 D - a +3 whip
Missiles
 f - 4 darts of dispersal (quivered)
 h - 64 stones
 j - 8 poisoned darts
 z - 9 boomerangs
Armour
 d - an orb of light
 e - a +3 leather armour (worn)
 i - a +0 robe
 m - a +0 ring mail
 q - a +0 cloak (worn)
 C - a +0 chain mail
Jewellery
 p - an amulet of the acrobat (around neck)
 I - a ring of flight (left hand)
Wands
 s - a wand of paralysis (1)
 y - a wand of mindburst (4)
 G - a wand of iceblast (5)
Scrolls
 g - 4 scrolls of immolation
 r - 4 scrolls of teleportation
 v - a scroll of revelation
 E - a scroll of amnesia
 F - a scroll of fog
 H - 2 scrolls of poison
Potions
 c - 2 potions of ambrosia
 k - 3 potions of cancellation
 n - 2 potions of heal wounds {unknown}
 o - a potion of degeneration {unknown}
 t - 2 potions of berserk rage {unknown}
 x - a potion of invisibility {unknown}


   Skills:
 + Level 4.6 Fighting
 - Level 10.3(10.7) Axes
 + Level 3.5(6.5) Maces & Flails
 + Level 1.3 Ranged Weapons
 + Level 2.3 Armour
 - Level 2.4 Dodging


You had 7 spell levels left.
You didn't know any spells.
Your spell library contained the following spells:

 Spells                   Type           Power      Damage    Failure   Level
 Kiss of Death            Conj/Necr      0%         2d5       21%         1
 Shock                    Conj/Air       0%         1d3       21%         1
 Confusing Touch          Hex            0%         N/A       52%         3
 Swiftness                Air            0%         N/A       52%         3
 Airstrike                Air            0%         2d(0-16)  89%         4
 Dispel Undead            Necr           0%         3d6       89%         4
 Ignite Poison            Fire/Alch      0%         N/A       89%         4
 Sticky Flame             Fire/Alch      0%         2d4       89%         4
 Ignition                 Fire           0%         3d3       100%        8


Dungeon Overview and Level Annotations

Branches:
Dungeon (6/15) Zot: 40176
 Temple: D:4-7

Altars:
Cheibriados
Xom

Shops:
D:4 (

Annotations:
D:6 Maggie


Message History

You fly downwards.
Level annotation: Maggie
There is a stone staircase leading up here.
Your +1 whip of electrocution stops crackling.
b - a +0 orcbow (weapon)
A sky beast comes into view.
An ogre comes into view. It is wielding a +0 giant club.
Fire: b) +0 orcbow
Press: ? - help, Q - select action, (/) - cycle Shift-Dir - straight line, f - ogre
Aim: an ogre, wielding a +0 giant club (wandering, hasn't noticed you, 75% to hit)
Okay, then.
Fire: b) +0 orcbow
Press: ? - help, Q - select action, (/) - cycle Shift-Dir - straight line, f - ogre
Aim: an ogre, wielding a +0 giant club (wandering, hasn't noticed you, 75% to hit)
You shoot an arrow. The ogre shouts!
The arrow hits the ogre!
The ogre is heavily wounded.
You hear a shout!
Maggie casts a spell.
Maggie attempts to bespell you!
You are mesmerised by Maggie!
Fire: b) +0 orcbow
Press: ? - help, Q - select action, (/) - cycle Shift-Dir - straight line, f/p - ogre
Aim: an ogre, wielding a +0 giant club (heavily wounded, 75% to hit)
You shoot an arrow. The arrow hits the ogre!
The ogre is severely wounded.
Fire: b) +0 orcbow
Press: ? - help, Q - select action, (/) - cycle Shift-Dir - straight line, f - sky beast
Aim: a sky beast (50% to hit)
You shoot an arrow. The arrow barely misses the sky beast.
The arrow closely misses Maggie.
Maggie mumbles the words to a spell, but in the wrong order.
Fire: b) +0 orcbow
Press: ? - help, Q - select action, (/) - cycle Shift-Dir - straight line, f/p - sky beast
Aim: a sky beast (50% to hit)
You shoot an arrow. The arrow barely misses the sky beast.
Maggie gestures wildly while chanting.
Maggie draws you further into her thrall.
The ogre closely misses you. The sky beast hits you. The sky beast shocks you.
You cannot move away from Maggie!
Unknown command.
Unknown command.
Okay, then.
Unknown command.
The flow of time bends around you.
The sky beast resists with some effort.
Cheibriados rebukes the ogre.
The ogre seems to slow down.
The sky beast hits you. The sky beast shocks you.
You hear the crackle of electricity.
a - a +1 whip of electrocution (weapon)
Okay, then.
Unknown command.
You whack the ogre!
The ogre is almost dead.
Maggie hits you from afar with a +1 halberd of flaming.
Maggie burns you.
The sky beast hits you but does no damage.
You hit the ogre but do no damage.
The ogre is almost dead.
The ogre hits you with a +0 giant club.
The sky beast hits you but does no damage.
Maggie hits you from afar with a +1 halberd of flaming.
Maggie burns you.
You whack the ogre!
You kill the ogre!
Cheibriados appreciates the change of pace.
You have reached level 8!
You barely miss the sky beast. Maggie casts a spell at you.
The bolt of fire misses you.
The sky beast flickers out of sight!
Deactivating autopickup; reactivate with Ctrl-A.
Something barely misses you. Maggie completely misses you.
Something closely misses you.
Maggie hits you with a +1 halberd of flaming!
* * * LOW HITPOINT WARNING * * *
Maggie burns you.
* * * LOW HITPOINT WARNING * * *
Something hits you but does no damage.
You closely miss Maggie. Something hits you.
* * * LOW HITPOINT WARNING * * *
Something shocks you.
* * * LOW HITPOINT WARNING * * *
Maggie barely misses you.
You hit Maggie but do no damage. You punch Maggie, but do no damage.
You hit Maggie.
Maggie is lightly wounded.
Maggie says, "If you die in the Dungeon, but nobody's around to see it, does it really matter?"
Maggie hits you but does no damage.
A sky beast appears from thin air!
Reactivating autopickup.
The sky beast hits you but does no damage.
You barely miss Maggie.
Maggie is lightly wounded.
Maggie points at you and mumbles some strange words.
The bolt of fire hits you!
* * * LOW HITPOINT WARNING * * *
The sky beast hits you.
* * * LOW HITPOINT WARNING * * *
The sky beast shocks you.
You die...

"..........#
..........#.
....:......
..........
....... ....
#.###)#
#...@<#
#..@Y....#
#.....##..##
#...... ..#
#...... ....
.......
.##..
....... .#
... .......
## .#


You could see Maggie (mesmerising) and a sky beast.

Vanquished Creatures
  The ghost of Tripartite the Trooper, an amateur HOHu of Okawaru (D:4)
  2 ogres
  A bombardier beetle (D:3)
  A howler monkey (D:5)
  A hound (D:5)
  2 jellies (D:3)
  Crazy Yiuf (D:2)
  A sleepcap (D:5)
  Jessica (D:2)
  2 iguanas (D:5)
  An orc wizard (D:4)
  12 gnolls
  9 adders
  A shadow imp (D:5)
  3 ribbon worms
  4 dart slugs
  13 orcs
  2 bats (D:3)
  7 endoplasms
  3 giant cockroaches (D:1)
  12 goblins
  12 hobgoblins
  8 kobolds
  9 quokkas
  13 ball pythons
  4 frilled lizards
  5 rats
131 creatures vanquished.

Notes
Turn   | Place    | Note
-------+----------+-------------------------------------------
     0 | D:1      | jimonade the Hill Orc Monk began the quest for the Orb.
     0 | D:1      | Reached XP level 1. HP: 19/19 MP: 1/1
   148 | D:1      | Reached XP level 2. HP: 26/26 MP: 2/2
   475 | D:1      | Reached skill level 5 in Axes
   555 | D:1      | Reached XP level 3. HP: 18/31 MP: 3/3
  1253 | D:2      | Reached skill level 6 in Axes
  1397 | D:2      | Reached XP level 4. HP: 33/39 MP: 4/4
  1445 | D:2      | Found a faded altar of an unknown god.
  1463 | D:2      | Prayed at the altar of an unknown god.
  1463 | D:2      | Became a worshipper of Cheibriados the Contemplative
  1463 | D:2      | Reached * piety under Cheibriados
  1463 | D:2      | Reached ** piety under Cheibriados
  1705 | D:2      | Found a runed translucent door.
  1706 | D:2      | Noticed Crazy Yiuf
  1717 | D:2      | HP: 1/39 [Crazy Yiuf/+4 quarterstaff of chaos (2)]
  1718 | D:2      | Killed Crazy Yiuf
  1719 | D:2      | Reached skill level 7 in Axes
  1903 | D:2      | Reached XP level 5. HP: 45/45 MP: 5/5
  2272 | D:2      | Noticed Jessica
  2279 | D:2      | Killed Jessica
  2279 | D:2      | Reached *** piety under Cheibriados
  2280 | D:2      | Reached skill level 8 in Axes
  2564 | D:3      | Found a shimmering altar of Xom.
  2755 | D:3      | Reached XP level 6. HP: 51/51 MP: 6/6
  2970 | D:3      | Reached skill level 9 in Axes
  3093 | D:3      | Found a snail-covered altar of Cheibriados.
  3164 | D:4      | Reached **** piety under Cheibriados
  3278 | D:4      | Found a runed translucent door.
  3283 | D:4      | Noticed Tripartite's ghost (amateur HOHu)
  3313 | D:4      | Killed Tripartite's ghost
  3314 | D:4      | Reached skill level 10 in Axes
  3314 | D:4      | Reached XP level 7. HP: 39/57 MP: 4/7
  3326 | D:4      | Found a runed translucent door.
  3607 | D:4      | Found Xazeup's Weapon Boutique.
  3806 | D:4      | Reached skill level 1 in Maces & Flails
  4215 | D:5      | Entered Level 5 of the Dungeon
  4298 | D:5      | Reached skill level 1 in Armour
  4533 | D:5      | Reached ***** piety under Cheibriados
  4913 | D:6      | Noticed Maggie
  4929 | D:5      | Reached skill level 1 in Ranged Weapons
  5229 | D:6      | Reached XP level 8. HP: 35/67 MP: 4/8
  5234 | D:6      | HP: 3/67 [sky beast (1)]
  5234 | D:6      | Slain by a sky beast

Illustrated notes

Levels and vault maps discovered:
D:1:      ebering_hopf_link, layout_loops_corners, minmay_vboxes
D:2:      layout_basic, basic_ecumenical_altar, st_stairs_7,
          uniq_crazy_yiuf_cottage, uniq_jessica
D:3:      minmay_bubble_buster, layout_basic, kennysheep_slug_shrine,
          dk_xom_monty_hall
D:4:      layout_basic, serial_shops, shop, ebering_ghost_sewer_f,
          hangedman_decor_growths, minmay_misc_feat_x
D:5:      layout_gridville, serial_bayou, serial_bayou_shore_b,
          serial_bayou_crossing, serial_bayou_lake_a, serial_bayou_pond_a,
          serial_bayou_shore_b, serial_bayou_lagoon_a
D:6:      layout_cave_pools, nicolae_qazlal_scattered_showers, serial_shops,
          shop, minmay_shop_mayhem, corexii_shack, hangedman_decor_push,
          uniq_grinder, uniq_maggie

Skill      XL: |  1  2  3  4  5  6  7 |
---------------+----------------------+-----
Axes           | 5 6 7 8 10 | 10.3
Maces & Flails | 3 |  3.5
Armour         | 2 |  2.3
Fighting       | 4 |  4.6
Ranged Weapons | 1 |  1.3
Dodging        | |  2.4

Action                     |  1- 3 |  4- 6 |  7- 9 || total
---------------------------+-------+-------+-------++-------
  Melee: Hand axe          |    99 |   164 |    27 ||   290
         Whip              |       |       |   105 ||   105
         Punch             |       |       |     1 ||     1
   Fire: Orcbow            |       |       |    15 ||    15
 Invoke: Bend Time         |       |     2 |     1 ||     3
    Use: Scroll            |       |       |     8 ||     8
 Armour: Leather armour    |    48 |    72 |    73 ||   193
  Dodge: Dodged            |    45 |   118 |   100 ||   263
